 Dungeon Crawl Stone Soup version 0.20-a0-1006-ge6c5631 (webtiles) character file.

734 HeyBub the Quickloader (level 8, -1/48 HPs)
             Began as a Kobold Hunter on Apr 13, 2017.
             Killed by nerve-wracking pain
             ... invoked by a shadow imp
              (14 damage)
             ... on level 5 of the Dungeon.
             The game lasted 00:10:37 (3532 turns).

HeyBub the Quickloader (Kobold Hunter)              Turns: 3532, Time: 00:10:40

Health: -1/48      AC: 10    Str: 11    XL:     8   Next: 4%
Magic:  8/8        EV: 21    Int: 12    God:
Gold:   197        SH:  0    Dex: 21    Spells: 7/7 levels left

rFire    . . .     SeeInvis .   y - +0 falchion
rCold    . . .     Gourm    .   (shield restricted)
rNeg     . . .     Faith    +   E - +3 leather armour "Puemybai" {rPois}
rPois    +         Spirit   .   (no helmet)
rElec    .         Reflect  .   d - +0 cloak
rCorr    .         Harm     .   (no gloves)
MR       .....                  (no boots)
Stlth    ++++......             D - amulet of faith
Regen    0.2/turn               p - ring of stealth
MPRegen  0.2/turn               u - +3 ring of protection

@: agile
A: carnivore 3
a: no special abilities


You were on level 5 of the Dungeon.
You were not hungry.

You visited 1 branch of the dungeon, and saw 5 of its levels.

You collected 197 gold pieces.

Inventory:

Hand Weapons
 a - a +1 hand crossbow
 b - a +0 short sword
 y - a +0 falchion (weapon)
 z - a +0 blowgun
Missiles
 g - 10 bolts
 A - 7 poisoned needles
Armour
 c - a +0 leather armour
 d - a +0 cloak (worn)
 E - the +3 leather armour "Puemybai" (worn) {rPois}
   (You found it on level 4 of the Dungeon)

   It protects you from poison.
Magical Staves
 B - an uncursed staff of cold {unknown}
Jewellery
 p - a ring of stealth (left hand)
 u - a +3 ring of protection (right hand)
 v - an uncursed amulet of guardian spirit
 D - an amulet of faith (around neck)
Wands
 e - a wand of flame (8/48)
Scrolls
 i - 2 scrolls of remove curse
 j - 2 scrolls of teleportation
 k - a scroll of magic mapping
 m - 3 scrolls of identify {unknown}
 q - a scroll of fear {unknown}
 t - a scroll of amnesia {unknown}
 w - 2 scrolls of enchant armour {unknown}
Potions
 h - a potion of flight {unknown}
 o - a potion of agility
 r - 2 potions of brilliance {unknown}
 s - a potion of lignification {unknown}
 x - a potion of cancellation {unknown}
 C - a potion of magic {unknown}
Comestibles
 f - a meat ration
 n - a royal jelly


   Skills:
 + Level 4.5 Fighting
 + Level 2.2 Long Blades
 - Level 8.5 Crossbows
 + Level 1.6 Throwing
 + Level 1.3 Armour
 + Level 2.9 Dodging
 + Level 2.2 Stealth


You had 7 spell levels left.
You didn't know any spells.

Dungeon Overview and Level Annotations

Branches:
Dungeon (5/15)
 Temple: D:4-7

Altars:
Elyvilon
Nemelex Xobeh
Ru


Innate Abilities, Weirdness & Mutations

You are small and have problems with some larger weapons.
You are carnivorous and can eat meat at any time.


Message History

The orc wizard blinks!
The orc wizard closely misses you. The shadow imp barely misses you.
You hit the orc wizard.
The orc wizard is severely wounded.
The orc wizard barely misses you.
The shadow imp hits you but does no damage.
You closely miss the orc wizard.
The shadow imp shouts, "Quit, thou vain knotty-pated bounder!"
The shadow imp closely misses you.
You riposte.
You hit the shadow imp.
The shadow imp is lightly wounded.
The orc wizard casts a spell at you. The magic dart hits you!
* * * LOW HITPOINT WARNING * * *
It was a potion of agility.
You feel agile all of a sudden. The orc wizard barely misses you.
You riposte.
You closely miss the orc wizard.
The orc wizard is heavily wounded.
The shadow imp gestures at you. Pain shoots through your body!
You die...

.........(.....
................
...............
##.............
#####..5...........
###......#........l..
#..o###..##..........
#..o@5wl........<....
#######o.####.###....
#oo....#.###..#.
#.##...#o#.....# ...
#.......#.[#
....##.........#
...?.#....#.##..#.
.....#....#(# )....
.>#....#(##.##..


You could see 2 orc wizards, a shadow imp, a dart slug, an orc and a leopard
gecko.

Vanquished Creatures
  The ghost of Snicker the Sneak, an amateur DsAs (D:4)
  Edmund (D:4)
  An ogre (D:5)
  A bullfrog zombie (D:5)
  2 hounds (D:4)
  An orc wizard (D:4)
  Jessica (D:2)
  3 worker ants
  A hound skeleton (D:4)
  Robin (D:2)
  5 adders
  2 oozes
  4 worms
  A dart slug (D:3)
  7 leopard geckos
  8 orcs
  4 giant cockroaches
  19 goblins
  7 hobgoblins
  7 jackals
  A quokka (D:4)
  6 bats
  3 frilled lizards
  A jackal skeleton (D:4)
  10 kobolds
  10 rats
108 creatures vanquished.

Vanquished Creatures (others)
  A goblin (D:3)
1 creature vanquished.

Grand Total: 109 creatures vanquished

Notes
Turn   | Place    | Note
-------+----------+-------------------------------------------
     0 | D:1      | HeyBub the Kobold Hunter began the quest for the Orb.
     0 | D:1      | Reached XP level 1. HP: 12/12 MP: 1/1
    47 | D:1      | Reached skill level 5 in Crossbows
   179 | D:1      | Reached XP level 2. HP: 11/17 MP: 2/2
   325 | D:1      | Reached XP level 3. HP: 22/22 MP: 3/3
   541 | D:1      | You fall through a shaft!
   544 | D:2      | Reached skill level 6 in Crossbows
   645 | D:2      | Noticed Jessica
   646 | D:2      | Killed Jessica
   646 | D:2      | Reached XP level 4. HP: 27/27 MP: 4/4
   878 | D:2      | Noticed Robin
   887 | D:2      | Killed Robin
   887 | D:2      | Reached XP level 5. HP: 27/32 MP: 5/5
   907 | D:2      | Found a sparkling altar of Nemelex Xobeh.
  1228 | D:2      | Reached skill level 7 in Crossbows
  1993 | D:3      | Found a white marble altar of Elyvilon.
  2121 | D:3      | Reached XP level 6. HP: 37/37 MP: 6/6
  2167 | D:3      | Found a sacrificial altar of Ru.
  2347 | D:4      | Noticed Edmund
  2362 | D:4      | Killed Edmund
  2362 | D:4      | Reached skill level 8 in Crossbows
  2544 | D:4      | Noticed Snicker's ghost (amateur DsAs)
  2689 | D:4      | Reached XP level 7. HP: 41/41 MP: 7/7
  2846 | D:4      | Reached skill level 1 in Long Blades
  3169 | D:4      | Killed Snicker's ghost
  3169 | D:4      | Reached skill level 1 in Throwing
  3169 | D:4      | Reached skill level 1 in Armour
  3327 | D:4      | Got a scorched leather armour
  3338 | D:4      | Identified the +3 leather armour "Puemybai" {rPois} (You found it on level 4 of the Dungeon)
  3472 | D:5      | Entered Level 5 of the Dungeon
  3523 | D:5      | Reached XP level 8. HP: 32/48 MP: 8/8
  3532 | D:5      | Killed from afar by a shadow imp

Vault maps used:
D:1:      lightli_arrival_noodles, st_stairs_5
D:2:      lemuel_round_altar, uniq_jessica, uniq_robin
D:3:      elyvilon_altar_4, nicolae_ru_sacrificial_ziggurat, first_bread
D:4:      uniq_edmund
D:5:      grunt_temple_overflow_lords_of_destruction, tgw_trog, fedhas_altar_2,
          lemuel_round_altar, lemuel_temple_firewalk_b

Skill      XL: |  1  2  3  4  5  6  7 |
---------------+----------------------+-----
Crossbows      | 5 6 7 8 |  8.5
Fighting       | 3 4 |  4.5
Stealth        | 2 |  2.2
Long Blades    | 2 |  2.2
Throwing       | 1 |  1.6
Armour         | 1 |  1.3
Dodging        | |  2.9

Action                   |  1- 3 |  4- 6 |  7- 9 || total
-------------------------+-------+-------+-------++-------
Melee: Falchion          |       |    19 |    86 ||   105
 Fire: Hand crossbow     |    65 |   128 |    30 ||   223
       Blowgun           |       |       |    12 ||    12
  Use: Scroll            |       |     3 |     1 ||     4
       Potion            |       |       |     5 ||     5
  Eat: Chunk             |       |     6 |     4 ||    10
Armor: Leather armour    |     4 |    13 |    46 ||    63
Dodge: Dodged            |    13 |    34 |    90 ||   137
       Rpst.: Falchion   |       |     5 |    19 ||    24
